 Dungeon Crawl Stone Soup version 0.28-a0-32-g8dfe7f97f6 (webtiles) character file.

Game seed: 13627811294759153449

95 wakim the Cudgeller (level 4, -8/41 HPs)
             Began as a Minotaur Berserker on July 27, 2021.
             Was a Follower of Trog.
             Mangled by Sigmund (11 damage)
             ... on level 3 of the Dungeon.
             The game lasted 00:05:01 (2300 turns).

wakim the Cudgeller (Minotaur Berserker)            Turns: 2300, Time: 00:05:01

Health: -8/41      AC:  5    Str: 22    XL:     4   Next: 39%
Magic:  3/3        EV: 11    Int:  5    God:    Trog [*.....]
Gold:   83         SH:  0    Dex:  9    Spells: 3/3 levels left

rFire   . . .      SeeInvis .   b - +0 quarterstaff (spect)
rCold   . . .      Faith    .   (shield currently unavailable)
rNeg    . . .      Spirit   .   d - +0 ring mail
rPois   .          Reflect  .   (helmet restricted)
rElec   .          Harm     .   (no cloak)
rCorr   .          Rampage  .   (no gloves)
Will    .....                   (no boots)
Stlth   ..........              (no amulet)
HPRegen 0.13/turn               (no ring)
MPRegen 0.08/turn               (no ring)

@: confused
A: horns 2, retaliatory headbutt
a: Renounce Religion, Berserk


You were on level 3 of the Dungeon.
You worshipped Trog.
Trog was aware of your devotion.
You visited 1 branch of the dungeon, and saw 3 of its levels.

You collected 83 gold pieces.

Inventory:

Hand Weapons
 a - a +1 mace of protection
 b - a +0 spectral quarterstaff (weapon)
Missiles
 c - 2 boomerangs (quivered)
 f - 8 silver javelins
 m - 22 bolts
Armour
 d - a +0 ring mail (worn)
 k - a +0 cloak
Scrolls
 h - 2 scrolls of enchant weapon {unknown}
 i - a scroll of blinking {unknown}
 l - a scroll of acquirement {unknown}
 o - a scroll of holy word {unknown}
 r - a scroll of identify
Potions
 e - a potion of haste {unknown}
 g - a potion of attraction {unknown}
 j - a potion of brilliance {unknown}
 n - a potion of heal wounds {unknown}
 F - 2 potions of curing
 L - 2 potions of lignification {!q}


   Skills:
 + Level 4.5 Fighting
 - Level 4.7(4.8) Maces & Flails
 + Level 1.4(3.3) Staves
 + Level 3.6 Armour
 - Level 2.1 Dodging


You had 3 spell levels left.
You didn't know any spells.
Your spell library was empty.

Dungeon Overview and Level Annotations

Branches:
Dungeon (3/15)

Altars:
Elyvilon

Shops:
D:1 :

Annotations:
D:3 Sigmund


Innate Abilities, Weirdness & Mutations

You have a pair of horns on your head.
You reflexively headbutt those who attack you in melee.


Message History

There is an open door here.
o - a scroll labelled QIOWKA ALAEX
Okay, then.
Found a scroll of identify.
r - a scroll of identify A hobgoblin comes into view.
The hobgoblin shouts!
You hit the hobgoblin. You headbutt the hobgoblin.
You kill the hobgoblin!
Trog accepts your kill.
A goblin comes into view. It is wielding a +0 club.
A goblin is nearby!
You hit the goblin. You headbutt the goblin.
You kill the goblin!
Trog accepts your kill.
Things that are here:
a +0 club; a goblin corpse
There is an open door here.
There is an open door here.
A rat comes into view.
There is an open door here.
You hit the rat. You headbutt the rat.
You kill the rat!
Trog accepts your kill.
Sigmund the Dreaded comes into view.
He is wielding a +0 scythe.
Sigmund shouts!
Sigmund hits you from afar with a +0 scythe!
Sigmund casts a spell at you.
You are confused.
Okay, then.
Unknown command.
You bump into the rock wall.
Sigmund closely misses you.
You bump into the rock wall.
Sigmund closely misses you.
You bump into the rock wall.
Sigmund hits you with a +0 scythe!
You're too confused to move!
Sigmund hits you with a +0 scythe!
* * * LOW HITPOINT WARNING * * *
You bump into the rock wall.
Sigmund hits you with a +0 scythe!
* * * LOW HITPOINT WARNING * * *
Sigmund hits you from afar with a +0 scythe!
You die...

'...'...'....#
#...#####....#
.# #...#
#....## .#
#...#
#.....####.###
#####
#.............
#####..###.##
##.## .# #####
##..##@####.#
.....
#...@.......#
#....
#.#.##.######
... +..#..#.#
.. ##.##.#.# #
#.# ...# #.#
#..# #.# ..#
#.# ...


You could see Sigmund.

Vanquished Creatures
  Crazy Yiuf (D:2)
  2 adders (D:2)
  A worm (D:2)
  A dart slug (D:2)
  4 ball pythons
  5 endoplasms
  4 giant cockroaches
  4 goblins
  7 hobgoblins
  4 bats
  2 frilled lizards (D:1)
  4 kobolds (D:1)
  3 rats
42 creatures vanquished.

Notes
Turn   | Place    | Note
-------+----------+-------------------------------------------
     0 | D:1      | wakim the Minotaur Berserker began the quest for the Orb.
     0 | D:1      | Reached XP level 1. HP: 19/19 MP: 0/0
   269 | D:1      | Reached XP level 2. HP: 27/27 MP: 1/1
   890 | D:2      | Reached XP level 3. HP: 33/33 MP: 2/2
   975 | D:2      | Found a white marble altar of Elyvilon.
  1354 | D:2      | Reached ** piety under Trog
  1517 | D:2      | Found a runed translucent door.
  1518 | D:2      | Noticed Crazy Yiuf
  1525 | D:2      | Killed Crazy Yiuf
  1526 | D:2      | Reached skill level 1 in Staves
  1526 | D:2      | Reached XP level 4. HP: 41/41 MP: 3/3
  2018 | D:1      | Found Pyinkeat's Book Emporium.
  2049 | D:1      | Found a faded altar of an unknown god.
  2292 | D:3      | Noticed Sigmund
  2300 | D:3      | Mangled by Sigmund

Illustrated notes

Levels and vault maps discovered:
D:1:      scummos_arrival_hexagon, layout_basic,
          hellmonk_ecumenical_altar_heavens_door, serial_shops, shop,
          hangedman_feature_mirror, minmay_3d_cube
D:2:      layout_basic, basic_altar, minivault_19, grunt_ministairs_15,
          serial_park_tiny_1, uniq_crazy_yiuf_cottage
D:3:      layout_basic, roderic_serpentine_path, uniq_sigmund, uniq_terence,
          uniq_robin

Skill      XL: |  1  2  3 |
---------------+----------+-----
Maces & Flails | 4 |  4.7
Fighting       | 4 |  4.5
Armour         | 3 |  3.6
Staves         | 1 |  1.4
Dodging        | |  2.1

Action                   |  1- 3 |  4- 6 || total
-------------------------+-------+-------++-------
Melee: Mace              |    40 |       ||    40
       Headbutt          |    11 |     3 ||    14
       Quarterstaff      |    18 |     4 ||    22
Invok: Trog's Hand       |     1 |       ||     1
  Use: Scroll            |     2 |       ||     2
 Stab: Sleeping          |     1 |       ||     1
Armor: Animal skin       |    10 |       ||    10
       Ring mail         |    11 |       ||    11
Dodge: Dodged            |    44 |     3 ||    47

Table legend: (Time is in decaauts)
 A = Elapsed time spent in this place.
 B = Non-inter-level travel time spent in this place.
 C = Inter-level travel time spent in this place.
 D = Time resting spent in this place.
 E = Time spent auto-exploring this place.
 F = Levels seen in this place.
 G = Mean time per level.
                   A        B        C        D        E       F      G
               +--------+--------+--------+--------+--------+-----+--------+
         Total |   2310 |   2098 |    212 |      0 |   1759 |   3 |  770.0 |
       Dungeon |   2310 |   2098 |    212 |      0 |   1759 |   3 |  770.0 |
               +--------+--------+--------+--------+--------+-----+--------+

Top non-repeatable levels by time:
     D:2: 1334 daAuts
     D:1: 873 daAuts
     D:3: 103 daAuts
